 Dungeon Crawl Stone Soup version 0.26.0-10-g1f06aea511 (webtiles) character file.

Game seed: 14228541815496240367

48 tsouns the Slasher (level 4, -4/45 HPs)
             Began as a Halfling Gladiator on Jan 14, 2021.
             Blown up by Ijyb (13 damage)
             ... with a disintegration bolt
             ... on level 2 of the Dungeon.
             The game lasted 00:02:12 (1295 turns).

tsouns the Slasher (Halfling Gladiator)             Turns: 1295, Time: 00:02:12

Health: -4/45      AC: 11    Str: 15    XL:     4   Next: 0%
Magic:  4/4        EV:  7    Int:  7    God:
Gold:   84         SH:  0    Dex: 15    Spells: 3/3 levels left

rFire    . . .     SeeInvis .   a - +0 long sword
rCold    . . .     Faith    .   (shield restricted)
rNeg     . . .     Spirit   .   p - +0 plate armour
rPois    .         Reflect  .   c - +0 helmet
rElec    .         Harm     .   (no cloak)
rCorr    .         Rampage  .   (no gloves)
Will     .....                  (no boots)
Stlth    ..........             (no amulet)
HPRegen  0.15/turn              (no ring)
MPRegen  0.09/turn              (no ring)

@: berserking, very quick
A: small, mutation resistance 1
a: no special abilities


You were on level 2 of the Dungeon.
You visited 1 branch of the dungeon, and saw 2 of its levels.

You collected 84 gold pieces.

Inventory:

Hand Weapons
 a - a +0 long sword (weapon)
Missiles
 d - 3 throwing nets (quivered)
 s - 19 bolts
Armour
 b - a +0 leather armour
 c - a +0 helmet (worn)
 p - a +0 plate armour (worn)
Jewellery
 h - a +6 ring of strength {unknown}
 m - an uncursed amulet of reflection {unknown}
Scrolls
 f - a scroll of teleportation {unknown}
 g - 2 scrolls of fear {unknown}
 n - a scroll of enchant armour {unknown}
 o - a scroll of identify {unknown}
 r - 2 scrolls of enchant weapon {unknown}
Potions
 e - a potion of berserk rage
 i - a potion of attraction {unknown}
 j - a potion of heal wounds {unknown}
 k - a potion of invisibility {unknown}
 l - a potion of resistance {unknown}
 q - a potion of curing {unknown}


   Skills:
 + Level 2.8 Fighting
 + Level 3.9 Long Blades
 - Level 2.0 Throwing
 - Level 3.2 Dodging


You had 3 spell levels left.
You didn't know any spells.
Your spell library was empty.

Dungeon Overview and Level Annotations

Branches:
Dungeon (2/15)

Altars:

Annotations:
D:2 Ijyb


Innate Abilities, Weirdness & Mutations

You are small and have problems with some larger weapons.
You are somewhat resistant to further mutation.


Message History

Ijyb the Twisted Goblin comes into view.
She is wielding a +6 club and carrying a wand of disintegration (8).
You have reached level 4!
Ijyb shouts!
Ijyb throws a stone.
The stone hits you but does no damage.
Things that are here:
a +0 dagger; a +0 dagger; a goblin corpse Ijyb hits you but does no damage.
You barely miss Ijyb.
Ijyb zaps a wand.
You are blasted!
Ouch! That really hurt!
You are too injured to fight recklessly!
You are too injured to fight recklessly!
Unknown command.
It was a potion of berserk rage.
A red film seems to cover your vision as you go berserk!
You feel yourself moving faster!
You feel mighty!
Ijyb zaps a wand.
You are blasted!
* * * LOW HITPOINT WARNING * * *
Your plate armour prevents you from hitting Ijyb.
Ijyb zaps a wand.
You are blasted!
You die...

## #### .....
####..####
#...####......).##
##...##......###@.##
........###### ##g.#
.#...##.# 8.8!8.8..#
#...#..# .....g...#
##..#.## .........#
###....# .........#
#....### .........#
.)##.# .........#
.##..# 8.8.8.8..#


You could see Ijyb.

Vanquished Creatures
  An adder (D:2)
  A worm (D:1)
  2 leopard geckos
  A giant cockroach (D:1)
  8 goblins
  2 hobgoblins (D:1)
  2 jackals
  A quokka (D:2)
  3 bats (D:1)
  4 frilled lizards
  6 kobolds (D:1)
  3 rats (D:1)
34 creatures vanquished.

Notes
Turn   | Place    | Note
-------+----------+-------------------------------------------
     0 | D:1      | tsouns the Halfling Gladiator began the quest for the Orb.
     0 | D:1      | Reached XP level 1. HP: 14/14 MP: 1/1
   321 | D:1      | Reached XP level 2. HP: 19/19 MP: 2/2
   791 | D:1      | Reached XP level 3. HP: 25/25 MP: 3/3
  1290 | D:2      | Noticed Ijyb
  1291 | D:2      | Reached XP level 4. HP: 30/30 MP: 4/4
  1295 | D:2      | Blown up by Ijyb

Illustrated notes

Levels and vault maps discovered:
D:1:      mrwooster_arrival_statue_2, layout_loops_corners, serial_glass,
          glass_columns_a, glass_columns_b
D:2:      kennysheep_the_goblin_king, layout_rooms

Skill      XL: |  1 |
---------------+----+-----
Fighting       | 2 |  2.8
Long Blades    | |  3.9
Throwing       | |  2.0
Dodging        | |  3.2

Action                   |  1- 3 |  4- 6 || total
-------------------------+-------+-------++-------
Melee: Long sword        |   100 |     2 ||   102
Throw: Throwing net      |     3 |       ||     3
  Use: Potion            |       |     1 ||     1
 Stab: Sleeping          |     2 |       ||     2
Armor: Leather armour    |     2 |       ||     2
       Plate armour      |    42 |     1 ||    43
Dodge: Dodged            |    52 |       ||    52
       Rpst.: Long sword |    19 |       ||    19
